 Dungeon Crawl Stone Soup version 0.30.1-3-gfc49f6343a (webtiles) character file.

Game seed: 7755324505898632647

63 TheDoctor the Trooper (level 4, -6/50 HPs)
             Began as an Ogre Gladiator on July 22, 2023.
             Mangled by a gnoll
             ... wielding a +0 flail
              (7 damage)
             ... on level 1 of the Dungeon.
             The game lasted 00:03:32 (1483 turns).

TheDoctor the Trooper (Ogre Gladiator)              Turns: 1483, Time: 00:03:32

Health: -6/50      AC:  3    Str: 20    XL:     4   Next: 9%
Magic:  4/4        EV: 10    Int:  9    God:
Gold:   94         SH:  0    Dex: 10    Spells: 3/3 levels left

rFire   . . .        a - +0 war axe
rCold   . . .        (no shield)
rNeg    . . .        b - +0 robe
rPois   .            c - +0 hat
rElec   .            (no cloak)
rCorr   .            (gloves unavailable)
SInv    .            (boots unavailable)
Will    .....        (no amulet)
Stlth   +            (no ring)
HPRegen 0.28/turn    (no ring)
MPRegen 0.09/turn

%: no passive effects
@: no status effects
A: large, unfitting armour, tough skin 1
a: no special abilities


You were on level 1 of the Dungeon.
You visited 1 branch of the dungeon, and saw 2 of its levels.

You collected 94 gold pieces.

Inventory:

Hand Weapons
 a - a +0 war axe (weapon)
Missiles
 d - 3 throwing nets
 e - a large rock
 n - 34 stones (quivered)
Armour
 b - a +0 robe (worn)
 c - a +0 hat (worn)
Jewellery
 i - a ring of protection from fire
 k - a ring of willpower
Scrolls
 f - a scroll of enchant armour {unknown}
 j - 2 scrolls of teleportation {unknown}
 o - a scroll of magic mapping {unknown}
 p - a scroll of fog {unknown}
Potions
 g - a potion of might {unknown}
 h - a potion of attraction {unknown}
 l - a potion of lignification {unknown}
 m - a potion of curing {unknown}


   Skills:
 + Level 5.4 Fighting
 - Level 3.2 Axes
 - Level 2.0 Throwing
 - Level 2.6 Dodging


You had 3 spell levels left.
You didn't know any spells.
Your spell library was empty.

Dungeon Overview and Level Annotations

Branches:
Dungeon (2/15)

Altars:
Elyvilon


Innate Abilities, Weirdness & Mutations

You are too large for most types of armour.
You have tough skin. (AC +1)


Message History

The gnoll hits you but does no damage.
There are monsters nearby!
The bat hits you but does no damage. The bat barely misses you.
The bat hits you but does no damage. The bat hits you.
The bat attacks as you move away! The bat barely misses you.
The bat closely misses you. The bat attacks as you move away!
The bat barely misses you. The bat hits you but does no damage.
The bat hits you. The bat hits you but does no damage.
The bat attacks as you move away! The bat hits you but does no damage.
The bat closely misses you.
There is a stone staircase leading up here.
You hit the gnoll but do no damage.
The gnoll is moderately wounded.
The gnoll hits you with a +0 flail! The gnoll misses you.
The gnoll hits you with a +0 flail.
The gnoll hits you from afar with a +0 spear.
You climb upwards.
There is a stone staircase leading down here.
You hit the gnoll but do no damage.
The gnoll is moderately wounded.
The gnoll hits you with a +0 flail.
You hit the gnoll but do no damage.
The gnoll is moderately wounded.
The gnoll hits you with a +0 flail.
Press: ? - help, v - describe, . - travel
Here: a gnoll, wielding a +0 flail (moderately wounded)
The floor.
Unknown command.
You slash the gnoll!
The gnoll is almost dead.
The gnoll hits you with a +0 flail!
* * * LOW HITPOINT WARNING * * *
The gnoll hits you with a +0 flail.
* * * LOW HITPOINT WARNING * * *
The gnoll attacks as you move away! The gnoll hits you with a +0 flail!
* * * LOW HITPOINT WARNING * * *
The gnoll attacks as you move away! The gnoll hits you with a +0 flail!
You die...

######## #......# #.####.#######
####################.##.........#
................@g..>.......###.#
####################.##.#.#......
#.#....#†....#
#################.....#
####...........#####......
###...#####+#####)..###....#
##..#####≈§§§≈§≈#####..##...#
##.### #≈≈≈.....≈≈≈# ###.##...
#.## #...........# ##.##.#


You could see a gnoll.

Vanquished Creatures
  An adder (D:2)
  3 worms (D:2)
  4 endoplasms
  A giant cockroach (D:1)
  4 goblins
  5 hobgoblins
  3 jackals (D:2)
  2 quokkas
  4 ball pythons (D:2)
  3 bats (D:1)
  5 frilled lizards
  5 kobolds
  2 rats (D:1)
42 creatures vanquished.

Notes
Turn   | Place    | Note
-------+----------+-------------------------------------------
     0 | D:1      | TheDoctor the Ogre Gladiator began the quest for the Orb.
     0 | D:1      | Reached XP level 1. HP: 22/22 MP: 1/1
    46 | D:1      | Reached skill level 3 in Fighting
   164 | D:1      | Reached XP level 2. HP: 29/31 MP: 2/2
   333 | D:1      | Reached skill level 4 in Fighting
   653 | D:1      | Reached XP level 3. HP: 38/39 MP: 3/3
  1037 | D:2      | Found a white marble altar of Elyvilon.
  1262 | D:2      | Reached skill level 5 in Fighting
  1292 | D:2      | Reached XP level 4. HP: 47/50 MP: 4/4
  1482 | D:1      | HP: 1/50 [gnoll/+0 flail (8)]
  1483 | D:1      | Mangled by a gnoll

Illustrated notes

Levels and vault maps discovered:
D:1:      dpeg_arrival_morbid_curiosity, layout_basic
D:2:      layout_basic, basic_altar

Skill      XL: |  1  2  3 |
---------------+----------+-----
Fighting       | 3 4 5 |  5.4
Axes           | |  3.2
Throwing       | |  2.0
Dodging        | |  2.6

Action                     |  1- 3 |  4- 6 || total
---------------------------+-------+-------++-------
  Melee: War axe           |   143 |     7 ||   150
         Punch             |     1 |       ||     1
 Armour: Robe              |    50 |     7 ||    57
  Dodge: Dodged            |    96 |    10 ||   106
